cohdb
Replays
Latest Replays
All Replays
Popular Replays
Top Player Replays
Match Explorer
How It Works
Community
CoH3 Stats
Reddit
Sign in to upload your games and track your stats! →
Sign in with Steam
Match 42493654
Unlisted
Match 42493654
Overview
Messages
Build Orders
End
Construct Infanterie Kompanie
MG 42 Machine Gun Team
MG 42 Machine Gun Team
Pioneer Squad
Grenadier Squad
Construct Luftwaffe Kompanie
Grenadier Squad
Medical Station
Selects Mechanized Battlegroup
Jäger Squad
Support Elements
S4mY
Momoi Gaming
USS_FreeIsrael
simranjitsingh713
St. Jordi Corporation
Hammerdon
LeCharly
jdrigo
0
0
Comments
sign in to comment!
No comments posted yet!